 Dungeon Crawl Stone Soup version 0.26.0-16-gc1dbca0489 (webtiles) character file.

Game seed: 8358684351411222490

387 zcampers the Chopper (level 6, -15/56 HPs)
             Began as a Minotaur Berserker on Jan 21, 2021.
             Was a Priest of Trog.
             Demolished by an ogre
             ... wielding a +0 giant club
              (27 damage)
             ... on level 4 of the Dungeon.
             The game lasted 00:04:42 (3052 turns).

zcampers the Chopper (Minotaur Berserker)           Turns: 3052, Time: 00:04:43

Health: -15/56     AC:  6    Str: 22    XL:     6   Next: 49%
Magic:  5/5        EV: 11    Int:  6    God:    Trog [***...]
Gold:   160        SH:  0    Dex:  9    Spells: 5/5 levels left

rFire    . . .     SeeInvis .   a - +1 hand axe
rCold    . . .     Faith    .   (no shield)
rNeg     . . .     Spirit   .   h - +0 scale mail
rPois    .         Reflect  .   (helmet restricted)
rElec    .         Harm     .   (no cloak)
rCorr    .         Rampage  .   (no gloves)
Will     .....                  (no boots)
Stlth    ..........             (no amulet)
HPRegen  0.18/turn              (no ring)
MPRegen  0.09/turn              (no ring)

@: no status effects
A: retaliatory headbutt, horns 2
a: Renounce Religion, Berserk, Trog's Hand


You were on level 4 of the Dungeon.
You worshipped Trog.
Trog was most pleased with you.
You visited 1 branch of the dungeon, and saw 5 of its levels.

You collected 160 gold pieces.

Inventory:

Hand Weapons
 a - a +1 hand axe (weapon)
Armour
 h - a +0 scale mail (worn)
Scrolls
 g - a scroll of remove curse
 i - a scroll of teleportation
Potions
 b - a potion of magic {unknown}
 c - a potion of curing
 d - a potion of attraction
 e - a potion of haste
 f - a potion of might


   Skills:
 + Level 5.5 Fighting
 + Level 5.9 Axes
 + Level 3.3 Armour
 + Level 4.5 Dodging
 + Level 0.2 Stealth


You had 5 spell levels left.
You didn't know any spells.
Your spell library was empty.

Dungeon Overview and Level Annotations

Branches:
Dungeon (5/15)
 Temple: D:4-7

Altars:
Fedhas
Nemelex Xobeh


Innate Abilities, Weirdness & Mutations

You reflexively headbutt those who attack you in melee.
You have a pair of horns on your head.


Message History

The ogre hits you with a +0 giant club!!
The ogre barely misses you.
Found 2 potions of curing.
The ogre hits you with a +0 giant club!
* * * LOW HITPOINT WARNING * * *
Found 11 gold pieces.
The quokka closely misses you.
You see here a scroll of identify.
The quokka bites you but does no damage.
The quokka misses you. The ogre barely misses you. You furiously retaliate!
You headbutt the ogre.
The quokka bites you but does no damage.
The ooze closely misses you.
You hit the ooze.
The ooze is lightly wounded.
You barely miss the ogre. You slash the quokka!
You kill the quokka!
Trog accepts your kill.
The ogre hits you with a +0 giant club!!
You die...

###### .....
#####...##
...#.....# . # ..
..'.....# ..# #. ..
#.....# <... #.##.
#.....##...## ....#
#....@.......
#...####..OJ...#...
#.........?.....!..
#...####..#.....$#.
#.>................
#..................
##.#......####..###
## #.#...#.....
..... .. #
#.##♣♣♣♣... ###.♣♣.


You could see an ogre and an ooze.

Vanquished Creatures
  A centaur (D:2)
  An orc wizard (D:3)
  Jessica (D:2)
  An iguana (D:4)
  2 worker ants (D:4)
  2 gnolls (D:4)
  9 adders
  An adder skeleton (D:4)
  A dart slug (D:1)
  5 leopard geckos
  3 orcs
  A ball python (D:2)
  4 giant cockroaches
  3 goblins
  6 hobgoblins
  9 jackals
  4 kobolds (D:1)
  3 quokkas (D:4)
  7 bats
  7 frilled lizards
  A leopard gecko zombie (D:4)
  7 rats
79 creatures vanquished.

Vanquished Creatures (others)
  8 plants (D:4)
8 creatures vanquished.

Grand Total: 87 creatures vanquished

Notes
Turn   | Place    | Note
-------+----------+-------------------------------------------
     0 | D:1      | zcampers the Minotaur Berserker began the quest for the
                  | Orb.
     0 | D:1      | Reached XP level 1. HP: 19/19 MP: 0/0
   112 | D:1      | Reached XP level 2. HP: 18/27 MP: 1/1
   729 | D:1      | Reached XP level 3. HP: 32/33 MP: 2/2
   778 | D:1      | Reached ** piety under Trog
  1446 | D:2      | Reached XP level 4. HP: 33/41 MP: 3/3
  1534 | D:2      | Found a sparkling altar of Nemelex Xobeh.
  1534 | D:2      | Noticed Jessica
  1536 | D:2      | Killed Jessica
  1580 | D:2      | Noticed a centaur
  1588 | D:2      | Killed a centaur
  1589 | D:2      | Reached skill level 5 in Axes
  1589 | D:2      | Reached XP level 5. HP: 45/47 MP: 4/4
  1934 | D:2      | Found a blossoming altar of Fedhas.
  2323 | D:3      | Reached skill level 5 in Fighting
  2323 | D:3      | Reached XP level 6. HP: 18/56 MP: 5/5
  2715 | D:3      | You fall into a shaft and drop 2 floors!
  2715 | D:5      | Entered Level 5 of the Dungeon
  2794 | D:4      | Reached *** piety under Trog
  3052 | D:4      | Demolished by an ogre

Illustrated notes

Levels and vault maps discovered:
D:1:      psy_arrival_dodecagon, layout_basic
D:2:      layout_rooms, fedhas_altar_fruit_tree, nemelex_lonely_heart_becter
D:3:      lemuel_upstairs_altar, layout_loops_ring,
          chequers_ecumenical_altar_simple_redux
D:4:      wad_woods_tower, layout_basic, portal_sewer_entry_b
D:5:      layout_basic

Skill      XL: |  1  2  3  4  5 |
---------------+----------------+-----
Fighting       | 4 5 |  5.5
Axes           | 4 5 |  5.9
Dodging        | 3 4 |  4.5
Armour         | 3 |  3.3
Stealth        | |  0.2

Action                   |  1- 3 |  4- 6 || total
-------------------------+-------+-------++-------
Melee: Hand axe          |    75 |    89 ||   164
       Headbutt          |    10 |    11 ||    21
  Use: Scroll            |       |     6 ||     6
       Potion            |       |     3 ||     3
Armor: Animal skin       |    28 |       ||    28
       Leather armour    |       |    14 ||    14
       Scale mail        |       |    11 ||    11
Dodge: Dodged            |    78 |    84 ||   162
